 Dungeon Crawl Stone Soup version 0.13.1-2-gfb2c2b7 (webtiles) character file.

23700 Mitsuki the Spear-Bearer (level 12, -6/113 HPs)
             Began as a Minotaur Fighter on Dec 3, 2013.
             Was a Believer of Fedhas.
             Killed from afar by a deep elf conjurer (13 damage)
             ... with a bolt of lightning
             ... on Level 1 of the Elven Halls on Dec 4, 2013.
             The game lasted 03:52:09 (19265 turns).

Mitsuki the Spear-Bearer (Minotaur Fighter)        Turns: 19265, Time: 03:52:09

HP  -6/113       AC 26     Str 23      XL: 12   Next: 64%
MP   0/16        EV  8     Int  5      God: Fedhas [**....]
Gold 1093        SH 26     Dex 13      Spells:  0 memorised, 11 levels left

Res.Fire  : . . .   See Invis. : +   a - +2,+4 trident
Res.Cold  : . . .   Warding    : .   K - +2 orc plate armour {rPois}
Life Prot.: + + .   Conserve   : .   c - +0 shield
Res.Poison: +       Res.Corr.  : .   (helmet restricted)
Res.Elec. : .       Clarity    : .   H - +1 cloak
Sust.Abil.: . .     Spirit.Shd : +   o - +0 pair of orc gauntlets
Res.Mut.  : .       Stasis     : .   T - +0 pair of elf boots
Res.Rott. : .       Flight     : .   C - amulet of guardian spirit
Saprovore : . . .                    l - ring of Ronevus {+Inv +Fly rN+ Dex+1 SInv}
                                     h - ring of positive energy

@: very slightly contaminated, hasted, drained, very quick, quite resistant to
hostile enchantments, extremely unstealthy
A: retaliatory headbutt, horns 2, magic resistance 1, +10% hp, slow healing 1,
spit poison 1, AC +4, EV +2, Dex -1
a: Spit Poison, Evolution, Sunlight, Renounce Religion, Evoke Invisibility,
Evoke Flight


You were on level 1 of the Elven Halls.
You worshipped Fedhas.
Fedhas was pleased with you.
You were not hungry.

You visited 4 branches of the dungeon, and saw 18 of its levels.

You collected 1887 gold pieces.
You spent 814 gold pieces at shops.

Inventory:

Hand weapons
 a - a +2,+4 trident (weapon)
 b - a +0,+0 scythe
 E - a +5,+1 long sword of flaming
Armour
 c - a +0 shield (worn)
 m - a +2 buckler of protection
 o - a +0 pair of orcish gauntlets (worn)
 y - the cursed -4 leather armour "Sonlogh" {rPois rF++ rN+ Dam-1}
   (You found it on level 6 of the Dungeon)

   It affects your damage-dealing abilities (-1).
   It greatly protects you from fire.
   It protects you from poison.
   It protects you from negative energy.
   It has a curse placed upon it.
 H - a +1 cloak (worn)
 I - a +0 chain mail of cold resistance
 J - a cursed -2 shield
 K - a +2 orcish plate armour of poison resistance (worn)
 T - a +0 pair of elven boots (worn)
Magical devices
 q - a wand of random effects (7)
 t - a wand of flame (11)
 v - a wand of paralysis (22)
 G - a wand of teleportation (1) {unknown}
 N - a wand of digging (0) {unknown}
 O - a wand of fire (5)
 P - a wand of fireball (2)
 Q - a wand of lightning (3)
 U - a wand of frost (7)
Comestibles
 d - 3 bread rations
 k - a rambutan
 p - 2 chokos
 r - 7 strawberries
 s - a slice of pizza
 z - 2 meat rations
 M - 2 apples
Scrolls
 g - a scroll of teleportation
 n - a scroll of identify
 B - a scroll of fear
 R - a scroll of blinking
Jewellery
 e - the amulet "Nuqa" {rMut rF-}
   (You acquired it on level 7 of the Dungeon)

   [amulet of resist mutation]

   It makes you vulnerable to fire.
 h - a ring of positive energy (left hand)
 l - the ring of Ronevus (right hand) {+Inv +Fly rN+ Dex+1 SInv}
   (You bought it in a shop on level 11 of the Dungeon)

   [ring of positive energy]

   It affects your dexterity (+1).
   It enhances your eyesight.
   It lets you turn invisible.
   It lets you fly.
 u - an uncursed amulet of resist corrosion
 x - an uncursed amulet of warding
 C - an amulet of guardian spirit (around neck)
 D - an uncursed ring of ice
Potions
 i - 7 potions of curing
 j - 2 potions of restore abilities
 S - a potion of brilliance {unknown}
Books
 F - a book of Death

   Spells                             Type                      Level
   Corpse Rot                         Necromancy                   2
   Sublimation of Blood               Necromancy                   2
   Agony                              Necromancy                   5
   Dispel Undead                      Necromancy                   5
   Excruciating Wounds                Charms/Necromancy            5
   Bolt of Draining                   Conjuration/Necromancy       6
 L - a book of Callings

   Spells                             Type                      Level
   Summon Small Mammal                Summoning                    1
   Call Imp                           Summoning                    2
   Call Canine Familiar               Summoning                    3
   Summon Scorpions                   Summoning/Poison             4
   Summon Ice Beast                   Ice/Summoning                4


   Skills:
 + Level 10.0(9.8) Fighting
 + Level 13.0(12.8) Polearms
 + Level 11.4(11.2) Armour
 + Level 8.9(8.7) Dodging
 + Level 11.8(11.6) Shields
 + Level 6.0(5.8) Invocations
 + Level 0.6(0.5) Evocations


You had 11 spell levels left.
You didn't know any spells.

Dungeon Overview and Level Annotations

Branches:
Dungeon (12/27)            Temple (1/1) D:7             Orc (4/4) D:10
    Elf (1/3) Orc:3
   Lair: D:8-13

Altars:
Ashenzari
Cheibriados
Elyvilon
Fedhas
Kikubaaqudgha
Makhleb
Nemelex Xobeh
Okawaru
Sif Muna
Trog
Vehumet
Xom
Yredelemnul
Zin
the Shining One
Beogh

Shops:
D:10 [(   D:11 =   Orc:3 }

Annotations:
D:12 exclusion: silver statue


Innate Abilities, Weirdness & Mutations

You reflexively headbutt those who attack you in melee.
You have a pair of horns on your head.
You are surrounded by a mild repulsion field (EV +2).
You are partially covered in rough black scales (AC +4, Dex -1).
You are resistant to hostile enchantments.
You are robust (+10% HP).
You heal slowly.
You can spit poison.


Message History

* * * LOW HITPOINT WARNING * * *
The deep elf conjurer casts a spell at you.
The bolt of lightning hits you!
* * * LOW HITPOINT WARNING * * *
Things that are here:
an elven short sword; an elven scale mail
There is a stone staircase leading down here.
The deep elf conjurer casts a spell at you.
The bolt of lightning misses you.
Drink which item? (? for menu, Esc to quit)
You feel yourself speed up.
You are very lightly contaminated with residual magic.
The deep elf fighter gestures wildly while chanting.
The deep elf fighter blinks!
The deep elf fighter gestures wildly while chanting.
The deep elf fighter blinks!
The deep elf conjurer casts a spell at you.
The bolt of lightning hits you!
You die...
Fedhas appreciates your contribution to the ecosystem.

.# #.# .# #.# .# #.# .# #.# ###
.# #.# #.e .# #.# #.# .#####.#
#.# #.# .......##############.##
#.#
.########..)....@......########.#
.##.).....###########.§.e.§...>.#
.##.####### #...########### .##.#
#.### ....# #.# ##### #.# #.# #.#
######## #.#


You could see a deep elf conjurer.

Vanquished Creatures
  A deep elf sorcerer (Orc:3)
  Fannar (D:10)
  A hydra (D:11)
  Urug (D:11)
  An ice devil (D:12)
  3 hill giants
  2 orc knights
  Joseph (Orc:3)
  An orc sorcerer (Orc:2)
  A deep elf conjurer (Elf:1)
  2 cyclopes (D:11)
  Maurice (D:9)
  A feature mimic (D:11)
  3 deep elf summoners
  An orange demon (D:12)
  Psyche (D:10)
  A hellwing (D:12)
  A smoke demon (D:12)
  A trapdoor spider (D:12)
  A hydra zombie (D:11)
  An iron devil (D:12)
  A spriggan (D:9)
  A troll (Orc:4)
  2 blue devils (D:12)
  A two-headed ogre (D:12)
  3 redbacks (Orc:3)
  2 deep elf magi (Elf:1)
  A griffon skeleton (D:9)
  Eustachio (D:4)
  3 hippogriffs
  A yak (D:11)
  2 deep elf fighters
  A hill giant skeleton (D:11)
  A neqoxec (D:12)
  14 orc warriors
  A black bear (D:11)
  3 ice beasts
  3 sky beasts
  4 phantoms
  A black bear (shapeshifter) (Elf:1)
  5 ogres
  9 centaurs
  Sigmund (D:4)
  Duvessa (Orc:1)
  7 giant frogs
  A rotting devil (D:12)
  4 water moccasins
  Blork the orc (D:5)
  A manticore zombie (D:7)
  2 gnoll sergeants (D:8)
  2 cyclops skeletons
  4 killer bees (D:7)
  4 wights (D:11)
  2 troll skeletons (D:11)
  9 crimson imps
  3 goliath beetles
  5 hounds
  A centaur zombie (D:10)
  22 orc wizards
  3 giant frog skeletons
  20 orc priests
  2 quasits (D:12)
  2 scorpions
  2 iron imps (D:12)
  10 worker ants
  3 iguanas
  A basilisk skeleton (D:9)
  3 orange rats (Orc:3)
  2 sky beast zombies (D:8)
  A big kobold zombie (D:6)
  A big kobold skeleton (D:7)
  3 worker ant zombies
  12 adders
  12 gnolls
  4 lemures (D:12)
  5 shadow imps
  2 white imps
  2 giant mites
  2 worms (D:10)
  4 ufetubi
  An iguana zombie (D:11)
  A grey rat (D:4)
  A giant eyeball (D:9)
  7 giant geckos
  124 orcs
  3 ball pythons
  17 bats
  7 giant cockroaches
  15 hobgoblins
  25 jackals
  2 quokkas
  A giant gecko skeleton (D:5)
  5 giant newts
  19 goblins
  A goblin skeleton (Orc:2)
  A hobgoblin skeleton (D:4)
  16 kobolds
  2 kobold skeletons
  A kobold zombie (D:6)
  2 orc skeletons (Orc:2)
  13 rats
  A rat skeleton (D:6)
518 creatures vanquished.

Vanquished Creatures (collateral kills)
  Donald (Orc:3)
  An orc warlord (Orc:4)
  Erolcha (D:10)
  A deep elf knight (Elf:1)
  A hill giant (D:11)
  A red devil (D:12)
  An iron devil (D:12)
  A troll (Orc:4)
  A blue devil (D:12)
  3 wandering mushrooms
  A basilisk (D:12)
  A ynoxinul (D:12)
  A chaos spawn (D:12)
  A yak (D:11)
  2 deep elf magi
  A deep elf fighter (Orc:3)
  6 orc warriors
  A rotting devil (D:12)
  A cyclops skeleton (D:12)
  3 quasits (D:12)
  A crimson imp (D:12)
  An orc priest (D:11)
  Dowan (Orc:1)
  A hound (D:12)
  2 jellies
  5 iron imps (D:12)
  5 orc wizards
  A scorpion (D:12)
  A worker ant (D:11)
  3 lemures (D:12)
  A shadow imp (D:12)
  2 white imps (D:12)
  25 orcs
  A hobgoblin (Orc:4)
  A goblin (Orc:2)
  An orc skeleton (Orc:2)
  A toadstool (D:11)
83 creatures vanquished.

Vanquished Creatures (others)
  A necrophage (D:11)
  A giant gecko (D:7)
  3 giant spores
  27 wandering mushrooms
  A ballistomycete (D:10)
  199 toadstools
232 creatures vanquished.

Grand Total: 833 creatures vanquished

Notes
Turn   | Place    | Note
--------------------------------------------------------------
     0 | D:1      | Mitsuki, the Minotaur Fighter, began the quest for the Orb.
     0 | D:1      | Reached XP level 1. HP: 19/19 MP: 0/0
   111 | D:1      | Reached skill level 4 in Fighting
   120 | D:1      | Reached XP level 2. HP: 21/27 MP: 0/0
   491 | D:2      | Reached XP level 3. HP: 26/33 MP: 1/1
   927 | D:1      | Reached skill level 1 in Dodging
  1230 | D:2      | Reached XP level 4. HP: 37/40 MP: 1/1
  1626 | D:4      | Found a shimmering altar of Xom.
  1629 | D:4      | Noticed Eustachio
  2279 | D:3      | Reached XP level 5. HP: 46/46 MP: 1/1
  2458 | D:4      | Reached skill level 5 in Shields
  2533 | D:4      | Noticed Sigmund
  2568 | D:4      | Killed Sigmund
  2568 | D:4      | Reached XP level 6. HP: 32/53 MP: 2/2
  2598 | D:4      | Killed Eustachio
  2598 | D:4      | Reached skill level 5 in Armour
  2751 | D:5      | Entered Level 5 of the Dungeon
  2767 | D:5      | Reached XP level 7. HP: 52/60 MP: 2/2
  2892 | D:5      | Noticed Blork the orc
  2898 | D:5      | Killed Blork the orc
  3246 | D:4      | Reached skill level 5 in Fighting
  3246 | D:4      | Reached skill level 6 in Armour
  3508 | D:6      | Reached skill level 5 in Polearms
  3692 | D:5      | Reached skill level 5 in Dodging
  3821 | D:5      | Reached XP level 8. HP: 41/68 MP: 2/2
  4350 | D:6      | Reached skill level 7 in Armour
  4412 | D:6      | Gained mutation: You are surrounded by a mild repulsion field (EV +2). [potion of mutation]
  4412 | D:6      | Gained mutation: You are robust (+10% HP). [potion of mutation]
  4412 | D:6      | Gained mutation: You are resistant to hostile enchantments. [potion of mutation]
  4513 | D:7      | Found a staircase to the Ecumenical Temple.
  4521 | Temple   | Entered the Ecumenical Temple
  4667 | Temple   | Became a worshipper of Fedhas Madash
  4981 | D:7      | Reached XP level 9. HP: 81/81 MP: 3/3
  5119 | D:6      | Got a dazzling leather armour
  5280 | D:6      | Gained mutation: You can spit poison. [potion of beneficial mutation]
  5347 | D:7      | Found a bloodstained altar of Trog.
  5404 | D:7      | Identified 2 scrolls of acquirement
  5405 | D:7      | Got a transparent emerald amulet
  5409 | D:7      | Identified the amulet "Nuqa" {rMut rF-} (You acquired it on level 7 of the Dungeon)
  5435 | D:7      | Identified the cursed -4 leather armour "Sonlogh" {rPois rF++ rN+ Dam-1} (You found it on level 6 of the Dungeon)
  6044 | D:7      | Reached skill level 8 in Polearms
  6795 | D:8      | Acquired Fedhas' first power
  6910 | D:9      | Paralysed by a giant eyeball for 4 turns
  6929 | D:10     | Entered Level 10 of the Dungeon
  6945 | D:10     | Noticed Fannar
  7176 | D:8      | Reached skill level 9 in Polearms
  7670 | D:9      | Noticed Maurice
  7847 | D:9      | Killed Maurice
  7847 | D:9      | Reached XP level 10. HP: 88/92 MP: 3/3
  8472 | D:11     | Noticed a cyclops
  8518 | D:10     | Found a burning altar of Makhleb.
  8768 | D:10     | Found a staircase to the Orcish Mines.
  8769 | D:10     | Noticed Psyche
  8814 | D:10     | Killed Psyche
  8836 | D:10     | Reached skill level 10 in Polearms
  8869 | D:10     | Acquired Fedhas' second power
  8982 | D:10     | Found Javvayla's Armour Boutique.
  8982 | D:10     | Found Ipibengi's Weapon Boutique.
  8989 | D:10     | Noticed Erolcha
  9000 | D:10     | Killed Erolcha
  9106 | D:10     | Killed Fannar
  9106 | D:10     | Reached skill level 1 in Invocations
  9273 | D:10     | Noticed a hill giant
  9303 | D:10     | Killed a hill giant
  9531 | Orc:1    | Entered Level 1 of the Orcish Mines
  9607 | Orc:1    | Noticed Dowan
  9608 | Orc:1    | Noticed Duvessa
  9622 | Orc:1    | Killed Dowan
  9627 | Orc:1    | Killed Duvessa
  9923 | Orc:1    | Paralysed by you for 7 turns
 10467 | Orc:3    | Noticed Joseph
 10702 | Orc:2    | Acquired Fedhas' third power
 10856 | Orc:2    | Reached XP level 11. HP: 101/101 MP: 7/7
 10933 | Orc:3    | Noticed Donald
 11027 | Orc:3    | Killed Donald
 11027 | Orc:3    | Reached skill level 11 in Polearms
 11134 | Orc:3    | Found a staircase to the Elven Halls.
 11675 | Orc:3    | Killed Joseph
 11675 | Orc:3    | Reached skill level 10 in Shields
 11702 | Orc:3    | Found Ybesinej's Gadget Boutique.
 11750 | Orc:4    | Entered Level 4 of the Orcish Mines
 12072 | Orc:3    | Acquired Fedhas' fourth power
 12077 | Orc:2    | Noticed an orc sorcerer
 12079 | Orc:2    | Paralysed by an orc sorcerer for 4 turns
 12089 | Orc:2    | Noticed a soul eater
 12314 | Orc:2    | Killed an orc sorcerer
 12663 | Orc:4    | Noticed an orc warlord
 12666 | Orc:4    | Reached skill level 10 in Armour
 13009 | Orc:4    | Killed an orc warlord
 13038 | Orc:4    | Yermak: Man, you definitely need to raise armour skill
 13803 | D:11     | Found Kijeiwk's Jewellery Emporium.
 13878 | D:11     | Noticed a cyclops
 14111 | D:11     | Noticed an orc knight
 14148 | D:11     | HP: 4/102 [orc warrior/orcish halberd (17)]
 14184 | D:11     | HP: 3/102 [orc knight/orcish dagger (10)]
 14584 | D:11     | Noticed Urug
 14609 | D:11     | Killed Urug
 14716 | D:11     | Killed an orc knight
 14716 | D:11     | Reached skill level 5 in Invocations
 14922 | D:11     | Killed a cyclops
 14922 | D:11     | Reached skill level 12 in Polearms
 15137 | D:11     | Reached XP level 12. HP: 112/112 MP: 14/14
 15146 | D:11     | Found a roughly hewn altar of Beogh.
 15395 | D:11     | Killed a cyclops
 15501 | D:11     | Noticed a hill giant
 15515 | D:11     | Killed a hill giant
 16268 | D:12     | Gained mutation: You are partially covered in rough black scales (AC +4, Dex -1). [a neqoxec]
 16530 | D:12     | HP: 4/112 [sun demon[a silver statue] (15)]
 16535 | D:12     | HP: 5/112 [smoke demon/divine providence[a silver statue] (12)]
 16976 | D:11     | Bought the ring of Ronevus {+Inv +Fly rN+ Dex+1 SInv} for 814 gold pieces
 17608 | D:12     | Gained mutation: You heal slowly. [mutagenic glow]
 17765 | D:12     | Noticed a four-headed hydra
 17849 | D:11     | Killed a four-headed hydra
 18052 | Elf:1    | Entered Level 1 of the Elven Halls
 18052 | Elf:1    | Noticed a deep elf sorcerer
 18068 | Orc:3    | Killed a deep elf sorcerer
 18068 | Orc:3    | Reached skill level 10 in Fighting
 18796 | Elf:1    | Reached skill level 13 in Polearms
 19234 | Elf:1    | HP: 2/113 [deep elf conjurer/bolt of lightning (30)]
 19265 | Elf:1    | Killed from afar by a deep elf conjurer

Action                   |  1- 3 |  4- 6 |  7- 9 | 10-12 || total
-------------------------+-------+-------+-------+-------++-------
Melee: Trident           |   124 |   154 |   530 |  1271 ||  2079
       Scythe            |       |    12 |       |       ||    12
Invok: Evolution         |       |       |       |    30 ||    30
 Abil: Spit Poison       |       |       |    11 |    69 ||    80
       Evoke Invisibilit |       |       |       |     6 ||     6
Evoke: Wand              |       |       |     3 |    11 ||    14
  Use: Scroll            |       |     7 |    20 |    11 ||    38
       Potion            |       |     4 |     7 |     7 ||    18
 Stab: Confused          |       |       |       |    21 ||    21
       Distracted        |       |       |       |     6 ||     6
